 Dungeon Crawl Stone Soup version 0.31.0-11-ge490571c62 (webtiles) character file.

Game seed: 13798285474187895992

93 Flugkiller the Ruffian (level 4, -2/44 HPs)
             Began as a Troll Fighter on Jan 29, 2024.
             Was an Initiate of Okawaru.
             Incinerated by a bombardier beetle (4 damage)
             ... with a burning spray
             ... on level 4 of the Dungeon.
             The game lasted 00:01:43 (307 turns).

Flugkiller the Ruffian (Troll Fighter)               Turns: 307, Time: 00:01:44

Health: -2/44      AC:  4    Str: 26    XL:     4   Next: 37%
Magic:  3/3        EV:  8    Int:  4    God:    Okawaru [......]
Gold:   58         SH:  7    Dex:  9    Spells: 3/3 levels left

rFire   . .          .
                       - Unarmed
rCold   . . .        b - +0 kite shield
rNeg    . . .        a - +0 robe
rPois   .            (helmet restricted)
rElec   .            (no cloak)
rCorr   +            (gloves unavailable)
SInv    .            (boots unavailable)
Will    .....        (no amulet)
Stlth   +            c - ring of resist corrosion
HPRegen 1.07/turn    (no ring)
MPRegen 0.08/turn

%: no passive effects
@: on fire, glowing
A: large, unfitting armour, claws 3, regeneration 1, shaggy fur 1, tough skin 1
a: Renounce Religion


You were on level 4 of the Dungeon.
You worshipped Okawaru.
Okawaru was noncommittal.
You visited 2 branches of the dungeon, and saw 5 of its levels.

You collected 58 gold pieces.

Inventory:

Armour
 a - a +0 robe (worn)
 b - a +0 kite shield (worn)
Jewellery
 c - a ring of resist corrosion (left claw)
   (You found it on level 2 of the Dungeon)
Scrolls
 e - a scroll of identify {unknown}
Potions
 d - a potion of haste {unknown}


   Skills:
 - Level 2.4 Fighting
 - Level 2.4 Dodging
 - Level 2.6 Shields
 + Level 4.7 Unarmed Combat


You had 3 spell levels left.
You didn't know any spells.
Your spell library was empty.

Dungeon Overview and Level Annotations

Branches:
Dungeon (4/15) Zot: 23715  Temple (1/1) D:4 Zot: 5973

Altars:
Cheibriados
Dithmenos
Elyvilon
Fedhas
Gozag
Hepliaklqana
Kikubaaqudgha
Makhleb
Nemelex Xobeh
Okawaru
Qazlal
Ru
Sif Muna
Trog
Wu Jian
Xom
Yredelemnul
The Shining One

Shops:
D:1 *

Annotations:
D:4 exclusion: upstairs


Innate Abilities, Weirdness & Mutations

You are too large for most types of armour.
You have claws for hands.
Your natural rate of healing is unusually fast.
You are covered in fur. (AC +1)
You have tough skin. (AC +1)


Message History

You kill the frilled lizard!
Okawaru accepts your kill. The bat hits you but does no damage.
You closely miss the kobold. You block the bat's attack.
The kobold hits you but does no damage.
You closely miss the kobold. The kobold closely misses you.
You barely miss the kobold. You block the bat's attack.
The kobold hits you with a +0 club.
You scratch the kobold.
The kobold is heavily wounded.
The bat barely misses you. You block the kobold's attack.
You scratch the kobold but do no damage.
The kobold is heavily wounded.
The bat hits you but does no damage. You block the kobold's attack.
The bat hits you but does no damage.
You closely miss the kobold.
The kobold is moderately wounded.
The bat hits you. The kobold hits you but does no damage.
You barely miss the kobold.
The kobold is moderately wounded.
You block the bat's attack. You block the kobold's attack.
You closely miss the kobold.
The kobold is moderately wounded.
The bat barely misses you. The kobold hits you with a +0 club.
You claw the bat!
You kill the bat!
Okawaru accepts your kill. The kobold barely misses you.
You miss the kobold.
The kobold is moderately wounded.
The kobold hits you but does no damage.
You claw the kobold!
You kill the kobold!
Okawaru accepts your kill.
No target in view!
You now have 43 gold pieces (gained 14).
Things that are here:
a +0 club; a frilled lizard corpse
d - a clear potion
e - a scroll labelled MUPROSSIONOU
There is a stone staircase leading down here.
You climb downwards.
There is a stone staircase leading up here.
Unknown command.
A frilled lizard comes into view.
The frilled lizard unfolds its giant frill.
There is a stone staircase leading down here.
You climb downwards.
Level annotation: exclusion: upstairs
There is a stone staircase leading up here.
The bombardier beetle sprays incendiary fluid at you.
The burning spray hits you.
You are covered in liquid fire!
You shake off some of the fire as you move.
The liquid fire burns you!
You barely miss the bombardier beetle. The liquid fire burns you!
The bombardier beetle sprays incendiary fluid at you.
The burning spray hits you.
You are even more covered in liquid fire!
You scratch the bombardier beetle.
The bombardier beetle is moderately wounded.
The liquid fire burns you!
You block the bombardier beetle's attack.
You scratch the bombardier beetle.
The bombardier beetle is moderately wounded.
The liquid fire burns you!
You are too injured to fight recklessly!
You are too injured to fight recklessly!
You claw the bombardier beetle!
The bombardier beetle is almost dead.
The liquid fire burns you!
The bombardier beetle sprays incendiary fluid at you.
The burning spray hits you.
You are even more covered in liquid fire!
You scratch the bombardier beetle but do no damage.
The bombardier beetle is almost dead.
The liquid fire burns you!
The bombardier beetle sprays incendiary fluid at you.
The burning spray hits you.
You are even more covered in liquid fire!
You scratch the bombardier beetle but do no damage.
The bombardier beetle is almost dead.
The liquid fire burns you!
You scratch the bombardier beetle.
You kill the bombardier beetle!
Okawaru accepts your kill. The liquid fire burns you!
* * * LOW HITPOINT WARNING * * *
You have reached level 4!
You shake off some of the fire as you move.
The liquid fire burns you!
* * * LOW HITPOINT WARNING * * *
You see here 15 gold pieces.
You now have 58 gold pieces (gained 15).
The liquid fire burns you!
* * * LOW HITPOINT WARNING * * *
You shake off some of the fire as you move.
The liquid fire burns you!
You die...

... ... ....#...... ..
......#.##.##.#
#..........#.#.#
##....#.##..#.#.##
..................
#..#...#.##......
##.............###
.......<....[..@.#
.#.#......##.#.#.#######
....>...........†.......
.###......##<..#..######
#.#+######)###.# #.
#.....#.# # #.#'#.#)#
+.#>#.'.# #.###.###


There were no monsters in sight!

Vanquished Creatures
  A bombardier beetle (D:4)
  3 gnolls (D:4)
  An adder (D:2)
  2 ball pythons
  A bat (D:2)
  3 endoplasms
  A giant cockroach (D:1)
  3 goblins (D:1)
  A hobgoblin (Temple)
  2 kobolds (D:2)
  A quokka (D:1)
  A frilled lizard (D:2)
20 creatures vanquished.

Notes
Turn   | Place    | Note
-------+----------+-------------------------------------------
     0 | D:1      | Flugkiller the Troll Fighter began the quest for the Orb.
     0 | D:1      | Reached XP level 1. HP: 22/22 MP: 0/0
    34 | D:1      | Found Maon Tunei's Assorted Antiques.
    65 | D:1      | Reached XP level 2. HP: 27/29 MP: 1/1
    86 | D:2      | Reached skill level 3 in Unarmed Combat
   128 | D:4      | Noticed a bombardier beetle
   143 | D:4      | Found a staircase to the Ecumenical Temple.
   147 | Temple   | Entered the Ecumenical Temple
   155 | Temple   | Became a worshipper of Warmaster Okawaru
   180 | D:4      | Reached XP level 3. HP: 10/36 MP: 2/2
   205 | D:4      | Reached skill level 4 in Unarmed Combat
   305 | D:4      | Reached XP level 4. HP: 12/44 MP: 3/3
   306 | D:4      | HP: 1/44 [burnt (6)]
   307 | D:4      | Incinerated by a bombardier beetle

Illustrated notes

Levels and vault maps discovered:
D:1:      dpeg_arrival_brainrot, layout_basic, serial_shops, shop,
          dreamdust_ecumenical_altar_angels_and_demons, st_stairs_2,
          supply_closet_lemuel, chequers_serial_rivers_micro_e
D:2:      layout_basic, minmay_tetromino_o4
D:3:      layout_loops_ring
D:4:      layout_basic, minmay_temple_entry_glassed_door,
          kennysheep_generic_room_9, uniq_menkaure
Temple:   nicolae_temple_two_arcs

Skill      XL: |  1  2  3 |
---------------+----------+-----
Unarmed Combat | 3 4 |  4.7
Fighting       | |  2.4
Dodging        | |  2.4
Shields        | |  2.6

Action                     |  1- 3 |  4- 6 || total
---------------------------+-------+-------++-------
  Melee: Unarmed           |    73 |       ||    73
    Use: Potion            |     1 |       ||     1
         Scroll            |     1 |       ||     1
 Armour: Robe              |    71 |       ||    71
  Dodge: Dodged            |    36 |       ||    36
  Block: Kite shield       |    46 |       ||    46
